[Event "Winter CCCSA-GM 2020"]
[Site "Charlotte"]
[Date "2020.01.17"]
[Round "2.1"]
[White "Mishra, Abhimanyu"]
[Black "Yip, Carissa"]
[Result "1/2-1/2"]
[ECO "B36"]
[WhiteElo "2397"]
[BlackElo "2418"]
[Annotator "ChessBase"]
[PlyCount "50"]
[EventDate "2020.01.17"]
[EventType "tourn"]
[EventCountry "USA"]
[SourceTitle "playchess.com"]
[Source "ChessBase"]
[SourceQuality "1"]
[TimeControl "5400+30"]

1. e4 c5 2. Nf3 Nc6 3. d4 cxd4 4. Nxd4 g6 5. c4 Nf6 6. Nc3 Nxd4 7. Qxd4 d6 8. Be3 Bg7 9. f3 O-O 10. Qd2 Be6 11. Rc1 Qa5 12. Be2 Rfc8 13. b3 a6 14. Na4 Qxd2+ 15. Kxd2 Nd7 16. g4 Rcb8 17. Nc3 b5 18. Nd5 Bxd5 19. cxd5 Kf8 20. h4 b4 21. f4 Rc8 22. g5 Bc3+ 23. Kc2 Nc5 24. Bxc5 Rxc5 25. Bc4 Bg7 1/2-1/2

[Event "Winter CCCSA-GM 2020"]
[Site "Charlotte"]
[Date "2020.01.17"]
[Round "2.3"]
[White "Plotkin, Mark"]
[Black "Korley, Kassa"]
[Result "1-0"]
[ECO "B22"]
[WhiteElo "2395"]
[BlackElo "2416"]
[Annotator "ChessBase"]
[PlyCount "47"]
[EventDate "2020.01.17"]
[EventType "tourn"]
[EventCountry "USA"]
[SourceTitle "playchess.com"]
[Source "ChessBase"]
[SourceQuality "1"]
[TimeControl "5400+30"]

1. e4 c5 2. Nf3 Nc6 3. d4 cxd4 4. c3 Nf6 5. e5 Nd5 6. Bc4 e6 7. cxd4 d6 8. O-O Nb6 9. Bd3 dxe5 10. Nxe5 Be7 11. Nc3 Bf6 12. Ne4 Nxe5 13. Nxf6+ Qxf6 14. dxe5 Qxe5 15. Re1 Qf6 16. Qh5 Bd7 17. Bg5 Qxb2 18. Rad1 Qxa2 19. Re3 Nd5 20. Rf3 Nf6 21. Rxf6 gxf6 22. Bxf6 Qb3 23. Qc5 Qxd1+ 24. Bf1 1-0

[Event "Winter CCCSA-GM 2020"]
[Site "Charlotte"]
[Date "2020.01.17"]
[Round "2.5"]
[White "Jacobson, Brandon"]
[Black "Panchanathan, Magesh Chandran"]
[Result "1/2-1/2"]
[ECO "E92"]
[WhiteElo "2470"]
[BlackElo "2482"]
[Annotator "ChessBase"]
[PlyCount "39"]
[EventDate "2020.01.17"]
[EventType "tourn"]
[EventCountry "USA"]
[SourceTitle "playchess.com"]
[Source "ChessBase"]
[SourceQuality "1"]
[TimeControl "5400+30"]

1. c4 e5 2. Nc3 Nf6 3. Nf3 Nc6 4. e4 g6 5. d4 exd4 6. Nxd4 Bg7 7. Be3 O-O 8. Be2 Re8 9. f3 Nh5 10. Qd2 d6 11. O-O-O Nxd4 12. Bxd4 Bxd4 13. Qxd4 Qg5+ 14. Qd2 Qxd2+ 15. Kxd2 Be6 16. Nd5 Bxd5 17. cxd5 c5 18. dxc6 bxc6 19. Rc1 Nf4 20. Rc2 1/2-1/2

[Event "Winter CCCSA-GM 2020"]
[Site "Charlotte"]
[Date "2020.01.18"]
[Round "3.4"]
[White "Paragua, Mark"]
[Black "Plotkin, Mark"]
[Result "1-0"]
[ECO "B09"]
[WhiteElo "2506"]
[BlackElo "2395"]
[Annotator "ChessBase"]
[PlyCount "87"]
[EventDate "2020.01.17"]
[EventType "tourn"]
[EventCountry "USA"]
[SourceTitle "playchess.com"]
[Source "ChessBase"]
[SourceQuality "1"]
[TimeControl "5400+30"]

1. e4 g6 2. d4 Bg7 3. Nc3 d6 4. f4 Nf6 5. Nf3 O-O 6. Bd3 c5 7. dxc5 dxc5 8. e5 Nd5 9. Nxd5 Qxd5 10. Qe2 Nc6 11. Be4 Qd8 12. c3 Qc7 13. Be3 b6 14. b4 Bb7 15. bxc5 bxc5 16. Rb1 Rab8 17. O-O Rfd8 18. Nd2 Na5 19. Bxb7 Rxb7 20. Qa6 Rdb8 21. Rxb7 Rxb7 22. Ne4 Qc6 23. Qxc6 Nxc6 24. Bxc5 Rb2 25. Rd1 Rxa2 26. Rd7 Ra4 27. Nd2 Rxf4 28. Rc7 Bxe5 29. Rxc6 Bxc3 30. Rc8+ Kg7 31. Rd8 e6 32. Bxa7 Ra4 33. Bc5 g5 34. Kf2 g4 35. Ke3 f5 36. Bd4+ Bxd4+ 37. Rxd4 Ra3+ 38. Rd3 Ra1 39. Rd7+ Kg6 40. Re7 Re1+ 41. Kf2 Re5 42. Nc4 Rc5 43. Rxe6+ Kf7 44. Rc6 1-0

[Event "Winter CCCSA-GM 2020"]
[Site "Charlotte"]
[Date "2020.01.18"]
[Round "4.2"]
[White "Plotkin, Mark"]
[Black "Panchanathan, Magesh Chandran"]
[Result "1/2-1/2"]
[ECO "C44"]
[WhiteElo "2395"]
[BlackElo "2482"]
[Annotator "RC"]
[PlyCount "154"]
[EventDate "2020.01.17"]
[EventType "tourn"]
[EventCountry "USA"]
[SourceTitle "playchess.com"]
[Source "ChessBase"]
[SourceQuality "1"]
[TimeControl "5400+30"]

1. e4 e5 2. Nf3 Nc6 3. d4 exd4 4. c3 d5 5. exd5 Qxd5 6. cxd4 Nf6 7. Nc3 Bb4 8. Bd3 O-O 9. O-O Bxc3 10. bxc3 Bg4 11. Be3 Na5 12. Re1 a6 13. Bf4 Bxf3 14. gxf3 Rfe8 15. Re5 Rxe5 16. dxe5 Rd8 17. exf6 Qxd3 18. Qxd3 Rxd3 19. Re1 h6 20. Re3 Rd1+ 21. Kg2 c6 22. h4 Rd5 23. Kg3 c5 24. Re8+ Kh7 25. Re7 gxf6 26. Rxf7+ Kg6 27. Rc7 h5 28. Be3 b6 29. Ra7 Nc4 30. Rxa6 Rd3 31. Bf4 Rxc3 32. Bc7 Rd3 33. a4 Rb3 34. Bd8 Kf7 35. Ra7+ Ke6 36. Re7+ Kd5 37. Rh7 Ne5 38. Rxh5 c4 39. Kg2 Ke6 40. Rh6 Nd7 41. Rh7 c3 42. Re7+ Kd6 43. Re1 c2 44. Be7+ Kd5 45. Rc1 Rc3 46. h5 Kc4 47. h6 Kb3 48. Bd6 Ne5 49. h7 Rc8 50. Be7 Kb2 51. Rxc2+ Kxc2 52. Bxf6 Nf7 53. Kg3 Ra8 54. f4 Kd3 55. Kg4 Ke4 56. f3+ Ke3 57. Kf5 Kxf3 58. Kg6 Ra7 59. f5 Ke4 60. h8=Q Nxh8+ 61. Bxh8 Kd5 62. f6 Ke6 63. Bg7 Rf7 64. Kg5 Rd7 65. Kg6 Rd1 66. Bh6 Rf1 67. Bg5 Rg1 68. Kh5 Rg3 69. Kg6 Rf3 70. Kg7 Rg3 71. Kg6 Rg2 72. Kh5 Rf2 73. Be3 Rh2+ 74. Kg6 Rg2+ 75. Kh5 Kxf6 76. Bxb6 Kf5 77. Kh4 Rg4+ 1/2-1/2

[Event "Winter CCCSA-GM 2020"]
[Site "Charlotte"]
[Date "2020.01.18"]
[Round "4.4"]
[White "Jacobson, Brandon"]
[Black "Yu, Jennifer"]
[Result "1/2-1/2"]
[ECO "D12"]
[WhiteElo "2470"]
[BlackElo "2321"]
[Annotator "RC"]
[PlyCount "127"]
[EventDate "2020.01.17"]
[EventType "tourn"]
[EventCountry "USA"]
[SourceTitle "playchess.com"]
[Source "ChessBase"]
[SourceQuality "1"]
[TimeControl "5400+30"]

1. d4 d5 2. c4 c6 3. Nf3 Nf6 4. e3 Bf5 5. Nc3 e6 6. Nh4 Bg6 7. Nxg6 hxg6 8. Qb3 Qc7 9. g3 Nbd7 10. cxd5 exd5 11. Bg2 Bd6 12. O-O O-O 13. f3 Qb6 14. Qxb6 Nxb6 15. e4 Bc7 16. e5 Nfd7 17. f4 f5 18. b3 Rfe8 19. h4 Nf8 20. Bh3 Nc8 21. h5 Ne7 22. hxg6 Nfxg6 23. Ne2 Kf7 24. Ba3 Rh8 25. Kg2 Ke6 26. Ng1 Ng8 27. Nf3 Bd8 28. Ne1 Nh6 29. Nd3 b6 30. Rac1 Rc8 31. Rc2 Be7 32. Bb2 Rc7 33. b4 Rhc8 34. a4 Nf8 35. Rfc1 Nd7 36. Kf3 g6 37. g4 fxg4+ 38. Bxg4+ Nxg4 39. Kxg4 a5 40. bxa5 bxa5 41. Bc3 Ra7 42. Bxa5 c5 43. Bb4 c4 44. Bxe7 Kxe7 45. Rh1 Rxa4 46. Rh7+ Kd8 47. Nc1 Nf8 48. Rf7 Ke8 49. Rb7 Rca8 50. Rh2 R4a7 51. Rb5 Ra5 52. Rb7 R5a7 53. Rxa7 Rxa7 54. Ne2 Ra2 55. Kf3 Kf7 56. Rh1 Rd2 57. Ra1 Ne6 58. Ra7+ Kf8 59. Ra8+ Kg7 60. Ra7+ Kf8 61. Ra8+ Kf7 62. Ra7+ Kf8 63. Ra8+ Kf7 64. Ra7+ 1/2-1/2

[Event "Winter CCCSA-GM 2020"]
[Site "Charlotte"]
[Date "2020.01.18"]
[Round "4.5"]
[White "Yip, Carissa"]
[Black "Hong, Andrew"]
[Result "1-0"]
[ECO "B53"]
[WhiteElo "2418"]
[BlackElo "2428"]
[Annotator "RC"]
[PlyCount "97"]
[EventDate "2020.01.17"]
[EventType "tourn"]
[EventCountry "USA"]
[SourceTitle "playchess.com"]
[Source "ChessBase"]
[SourceQuality "1"]
[TimeControl "5400+30"]

1. e4 c5 2. Nf3 d6 3. d4 cxd4 4. Qxd4 Nc6 5. Bb5 a6 6. Bxc6+ bxc6 7. O-O e5 8. Qe3 Nf6 9. c4 Nd7 10. b3 a5 11. Nc3 Qc7 12. Na4 c5 13. Nc3 Bb7 14. Qd3 Be7 15. Bg5 f6 16. Bd2 Nb6 17. Ne1 a4 18. Nc2 g6 19. Ne3 Bc6 20. Rfb1 axb3 21. Rxb3 Kf7 22. h3 Rhb8 23. Rab1 Bf8 24. Kh2 Nd7 25. a4 Rxb3 26. Rxb3 Qa7 27. Nb5 Bxb5 28. axb5 Nb6 29. Nd5 Kg7 30. Nxb6 Qxb6 31. Ra3 Rxa3 32. Qxa3 Be7 33. Qa6 Bd8 34. Qc8 Kf7 35. Qd7+ Be7 36. h4 h5 37. f3 Qb8 38. Ba5 Qa8 39. b6 Qxa5 40. b7 Qb4 41. Qc8 Qe1 42. b8=Q Qxh4+ 43. Qh3 Qf4+ 44. Qg3 Qh6 45. Qb7 f5 46. exf5 gxf5 47. Qd5+ Kf6 48. Qh4+ Kg6 49. Qe6+ 1-0

[Event "Winter CCCSA-GM 2020"]
[Site "Charlotte"]
[Date "2020.01.19"]
[Round "6.4"]
[White "Yip, Carissa"]
[Black "Paragua, Mark"]
[Result "0-1"]
[ECO "B94"]
[WhiteElo "2418"]
[BlackElo "2506"]
[Annotator "RC"]
[PlyCount "114"]
[EventDate "2020.01.17"]
[EventType "tourn"]
[EventCountry "USA"]
[SourceTitle "playchess.com"]
[Source "ChessBase"]
[SourceQuality "1"]
[TimeControl "5400+30"]

1. e4 c5 2. Nf3 d6 3. d4 cxd4 4. Nxd4 Nf6 5. Nc3 a6 6. Bg5 Nbd7 7. Qe2 h6 8. Bh4 g5 9. Bg3 e6 10. O-O-O Qc7 11. h4 Rg8 12. hxg5 hxg5 13. Kb1 Ne5 14. Nf3 b5 15. Nxe5 dxe5 16. Qd2 Be7 17. Bd3 Bb7 18. f3 O-O-O 19. Bf2 Bc5 20. Bxc5 Qxc5 21. a4 b4 22. Na2 a5 23. c3 b3 24. Nc1 Bc6 25. Rh6 Nd7 26. Rh7 Qb6 27. Rxf7 Bxa4 28. Qe2 Nc5 29. Bc4 Rxd1 30. Qxd1 Rd8 31. Qg1 Kb8 32. Qe3 Qd6 33. Qxg5 Qd1 34. Bd5 Kc8 35. Qe3 Bc6 36. Qh6 Bxd5 37. exd5 Qc2+ 38. Ka1 Na4 39. Qxe6+ Kb8 40. Qxe5+ Ka8 41. Ra7+ Kxa7 42. Qc7+ Ka6 43. Qc4+ Kb7 44. Qc6+ Kb8 45. Qb5+ Ka7 46. Qxa5+ Kb7 47. Qb4+ Nb6 48. Nxb3 Qd1+ 49. Ka2 Qxd5 50. Kb1 Qf5+ 51. Kc1 Qg5+ 52. f4 Qd5 53. Kb1 Qd3+ 54. Ka2 Qc4 55. Qe7+ Rd7 56. Qa3 Kb8 57. Qf8+ Nc8 0-1